AoeStats
← HR Pinkman

Arabia

508800732Analyzed
4v4 RM · 7d ago on Sep 24, 2026· 36m 11s· 8 players
Game mode
Random Map
Map size
Large (8 player)
Population
200
Speed
Normal
Resources
Standard
Victory
Conquest
Starting age
Dark Age
Ending age
Imperial Age
RankedLock teamsTeams togetherTeam positionsShared explorationLock speedFull tech treeHidden civsTurbo modeCheats
Victory
Defeat
🇨🇱 Danes · Chile
1891
+5
🇨🇱 Saxons · Chile
1847
+6
🇨🇱 Varangians · Chile
1846
+6
🇨🇱 Khmer · Chile
1841
+6
🇲🇽 Maya · Mexico
1723
-9
🇲🇽 Persians · Mexico
1589
-6
🇨🇴 Franks · Colombia
1577
-5
1467
-3
HR Sobek
11:35 Feudal Age
11:43 Loom
15:40 Castle Age
14:09 Double-Bit Axe
14:57 Horse Collar
19:47 Wheelbarrow
20:12 Scale Barding Armor
22:34 Bloodlines
23:48 Forging
25:48 Iron Casting
27:21 Town Watch
28:04 Husbandry
28:42 Hand Cart
29:31 Chain Barding Armor
29:53 Heavy Plow
29:50 Gold Mining
30:36 Vendel Legacy
36:07 Imperial Age
33:30 Stone Mining
HR itu
8:43 Loom
10:46 Feudal Age
13:49 Castle Age
12:35 Double-Bit Axe
14:10 Horse Collar
16:05 Husbandry
19:11 Wheelbarrow
20:08 Hand Cart
20:34 Bow Saw
24:20 Scale Barding Armor
27:37 Bloodlines
27:45 Gold Mining
29:36 Chain Barding Armor
31:10 Gold Shaft Mining
35:55 Ballistics
HR AboKeiTo
7:02 Loom
9:20 Feudal Age
13:12 Fletching
16:27 Double-Bit Axe
24:20 Castle Age
22:44 Padded Archer Armor
25:06 Scale Mail Armor
25:08 Squires
28:57 Elite Skirmisher
30:17 Bodkin Arrow
31:16 Horse Collar
31:43 Arson
34:02 Wheelbarrow
34:04 Forging
35:24 Iron Casting
35:09 Chain Mail Armor
36:51 Hand Cart
36:46 Bow Saw
HR Pinkman
6:17 Loom
8:48 Feudal Age
12:37 Fletching
21:55 Castle Age
20:26 Gold Mining
20:49 Horse Collar
20:55 Double-Bit Axe
22:30 Wheelbarrow
22:49 Bodkin Arrow
29:23 Town Watch
AiM | CyclopsTron
0:32 Loom
9:48 Feudal Age
13:03 Fletching
20:21 Padded Archer Armor
23:51 Double-Bit Axe
26:59 Castle Age
26:29 Horse Collar
27:40 Bodkin Arrow
27:06 Crossbowman
30:12 Bow Saw
AiM | Fubuki Sinri
5:51 Loom
8:23 Feudal Age
8:51 Double-Bit Axe
13:50 Horse Collar
20:56 Castle Age
19:40 Bloodlines
19:38 Scale Barding Armor
20:04 Gold Mining
25:13 Wheelbarrow
27:58 Chain Barding Armor
VZ | Nescar
5:39 Loom
8:59 Feudal Age
12:23 Double-Bit Axe
16:32 Town Watch
22:25 Castle Age
21:03 Scale Barding Armor
22:17 Forging
23:37 Chain Barding Armor
27:32 Iron Casting
27:56 Husbandry
29:21 Bow Saw
AiM | CaballeroTemplario
3:44 Loom
10:23 Feudal Age
11:04 Double-Bit Axe
10:52 Man-at-Arms
13:46 Fletching
25:42 Castle Age
23:39 Gold Mining
24:47 Padded Archer Armor
25:06 Town Watch
25:46 Crossbowman
26:27 Bodkin Arrow
Connection lost

Rejoining the realm…

Still unreachable

The connection could not be restored.

Session expired

The server has moved on; the page needs a fresh start.